Bears vs Checkers

Created - November 17, 2024 at 21:05

Goals
1 2 3 T
Bears 3 1 2 6
Checkers 1 2 1 4
Shots
1 2 3 T
Bears 13 8 12 33
Checkers 9 11 6 26

1st period

1. Bears , Tanner Laczynski 4 (Mason Appleton 10, Mikko Vainonen 5) at 0:32
2. Bears , Isaac Ratcliffe 1 (Tommy Vannelli 5, Mikko Vainonen 6) at 8:09
3. Bears , Isaac Ratcliffe 2 (Tanner Laczynski 5, Mikko Vainonen 7) at 8:58
4. Checkers , Andrei Svechnikov 10 (Dylan Gambrell 16) at 12:30

Penalties :
Kerby Rychel (Her) for Interference (Minor) at 4:19

2nd period

5. Checkers , Andrei Svechnikov 11 (Dylan Gambrell 17) at 7:48 (PP)
6. Checkers , Timothy Liljegren 3 (Patrick Brown 9, Andrei Svechnikov 11) at 8:02
7. Bears , Sam Carrick 4 (Kerby Rychel 10, Gianluca Curcuruto 4) at 11:26

Penalties :
Kirill Maksimov (Her) for Roughing (Minor) at 7:46, Kirill Marchenko (Cha) for Tripping (Minor) at 15:17

3rd period

8. Checkers , Dylan Gambrell 4 (Andrei Svechnikov 12, Timothy Liljegren 15) at 2:37
9. Bears , Kevin Rooney 4 (Ryan Graves 3, Nicholas Caamano 1) at 13:27
10. Bears , Sam Carrick 5 (Kerby Rychel 11, Jerry D'Amigo 2) at 14:23

Penalties :
Andrei Svechnikov (Cha) for High sticking (Minor) at 3:24, Patrick Brown (Cha) for Interference (Minor) at 10:42

Goalie Stats

Artyom Zagidulin (Her), 22 saves from 26 shots - (0.846), W, 1-0-0, 60:00 minutes
Joseph Woll (Cha), 27 saves from 33 shots - (0.818), L, 6-2-1, 60:00 minutes

Players Stats for Bears

Player Name              G  A  P  +/- PIM S  H  SB GA TA FO     MP     PP MP  PK MP  
------------------------------------------------------------------------------------
Colby Cave               0  0  0   0  0   0  0  0  0  0  0/0     1:25   0:00   0:26 
Cole Smith               0  0  0   0  0   2  2  0  0  1  0/0    16:52   2:51   0:26 
Emil Johansson           0  0  0   0  0   0  2  1  1  2  0/0    11:57   0:00   0:00 
Gianluca Curcuruto       0  1  1   1  0   0  2  0  0  1  0/0    20:35   1:59   0:55 
Isaac Ratcliffe          2  0  2   3  0   2  1  1  0  0  2/2    17:17   0:00   0:59 
Jerry D'Amigo            0  1  1   0  0   3  2  1  0  0  1/1    21:30   3:06   0:34 
Kerby Rychel             0  2  2   0  2   5  1  0  3  0  0/2    24:40   3:06   0:02 
Kevin Rooney             1  0  1   3  0   1  1  0  0  1  8/12   15:39   0:00   0:00 
Kirill Maksimov          0  0  0   0  2   0  0  0  0  0  0/0     4:23   0:00   0:00 
Mason Appleton           0  1  1   0  0   1  2  0  0  0  1/1    16:55   2:51   0:00 
Michael Prapavessis      0  0  0   1  0   1  0  2  0  1  0/0    20:35   1:59   0:55 
Mikko Vainonen           0  3  3   2  0   1  2  0  0  0  0/0    27:28   3:58   1:06 
Nicholas Caamano         0  1  1   3  0   5  0  2  0  0  0/0    16:20   0:00   0:00 
Ryan Graves              0  1  1   0  0   1  0  1  0  0  0/0    11:57   0:00   0:00 
Sam Carrick              2  0  2   0  0   4  2  0  0  0  21/33  21:03   3:06   0:34 
Tanner Laczynski         1  1  2   0  0   3  2  0  0  0  3/14   17:29   2:51   1:01 
Tommy Vannelli           0  1  1   2  0   3  0  0  1  1  0/0    27:28   3:58   1:06 
Vincent Dunn             0  0  0   0  0   1  0  0  0  0  2/3     4:24   0:00   0:00 

Players Stats for Checkers

Player Name              G  A  P  +/- PIM S  H  SB GA TA FO     MP     PP MP  PK MP  
------------------------------------------------------------------------------------
Andrei Svechnikov        2  2  4   1  2   4  4  0  1  0  1/1    18:32   0:59   0:07 
Austin Poganski          0  0  0  -2  0   0  0  1  0  0  1/3    17:06   0:00   0:47 
Dylan Gambrell           1  2  3   1  0   3  1  2  0  0  14/31  20:35   0:59   2:12 
Grigori Denisenko        0  0  0  -2  0   1  2  0  1  0  0/0    16:50   1:02   0:00 
Jared McIsaac            0  0  0  -2  0   0  0  1  0  3  0/0    12:49   0:00   0:00 
John Draeger             0  0  0  -1  0   3  3  0  1  1  0/0    27:03   1:17   3:53 
Kale Clague              0  0  0   0  0   3  0  0  0  0  0/0    20:08   0:44   2:04 
Kirill Marchenko         0  0  0  -2  2   1  0  0  0  1  0/0    12:08   1:02   0:00 
Matt Puempel             0  0  0  -2  0   0  0  0  1  0  0/0    12:53   0:00   1:46 
Michael Anderson         0  0  0  -2  0   2  0  1  0  0  0/0    13:46   0:44   0:00 
Mitchell Heard           0  0  0  -2  0   2  2  1  1  0  4/11   14:32   0:00   3:25 
Nick Abruzzese           0  0  0  -2  0   2  1  0  0  0  7/14   17:13   1:02   0:20 
Patrick Brown            0  1  1   1  2   0  1  1  0  0  1/3    20:20   0:59   2:26 
Roberts Lipsbergs        0  0  0   0  0   1  2  0  1  0  0/0     8:31   0:00   0:51 
Shane Bowers             0  0  0   0  0   1  1  0  0  0  2/4     7:40   0:00   0:00 
Timothy Liljegren        1  1  2  -1  0   3  1  0  1  0  0/0    27:03   1:17   3:53 
Tyce Thompson            0  0  0   0  0   0  1  0  0  0  0/1     7:40   0:00   0:00 
Viktor Baldayev          0  0  0   0  0   0  3  1  0  0  0/0    19:11   0:00   2:04 

3 Stars

1 - Andrei Svechnikov (Cha)
2 - Isaac Ratcliffe (Her)
3 - Sam Carrick (Her)

Power Play

Bears - 0 on 3 Attempt(s) - 0.00%
Checkers - 1 on 2 Attempt(s) - 50.00%

Penalty Kill

Bears - 1 on 2 Attempt(s) - 50.00% - Score 0 goal in Penalty Kill
Checkers - 3 on 3 Attempt(s) - 100.00% - Score 0 goal in Penalty Kill

Team Stat

Bears - Hits : 19 - Faceoff Wins : 38 - Blocked Shots : 8 - Penalty Minutes : 4
Checkers - Hits : 22 - Faceoff Wins : 30 - Blocked Shots : 8 - Penalty Minutes : 6

Official

Referees : Kyle Rehman and Chris Lee
Linesman : Ryan Galloway and Travis Gawryletz

Game Notes

No Game Note

Finance

Level 1 -- Attendance: 1685 (84.25%) -- Ticket Income $117,950
Level 2 -- Attendance: 975 (97.50%) -- Ticket Income $39,000
Total Attendance: 2660 (88.67%)
Total Ticket Income: $156,950
Other Income: $7,848
Total Income: $164,798

Bears

5 vs 5 Forward 
   Center                   Left Wing                Right Wing               Time % Phy DF OF 
 1 Sam Carrick              Kerby Rychel             Jerry D'Amigo            40     0   1  4  
 2 Tanner Laczynski         Cole Smith               Mason Appleton           30     0   1  4  
 3 Kevin Rooney             Isaac Ratcliffe          Nicholas Caamano         20     0   2  3  
 4 Vincent Dunn             Kerby Rychel             Kirill Maksimov          10     0   2  3  

5 vs 5 Defense 
   Defense                  Defense                                           Time % Phy DF OF 
 1 Tommy Vannelli           Mikko Vainonen                                    40     0   3  2  
 2 Gianluca Curcuruto       Michael Prapavessis                               30     0   3  2  
 3 Emil Johansson           Ryan Graves                                       20     0   3  2  
 4 Tommy Vannelli           Mikko Vainonen                                    10     0   2  3  

PowerPlay Forward 
   Center                   Left Wing                Right Wing               Time % Phy DF OF 
 1 Sam Carrick              Kerby Rychel             Jerry D'Amigo            60     0   0  5  
 2 Tanner Laczynski         Cole Smith               Mason Appleton           40     0   1  4  

PowerPlay Defense
   Defense                  Defense                                           Time % Phy DF OF 
 1 Tommy Vannelli           Mikko Vainonen                                    60     0   2  3  
 2 Gianluca Curcuruto       Michael Prapavessis                               40     0   2  3  

Penalty Kill 4 Players Forward 
   Center                   Wing                     Time % Phy DF OF 
 1 Tanner Laczynski         Kerby Rychel             60     0   4  1  
 2 Sam Carrick              Jerry D'Amigo            40     0   4  1  

Penalty Kill 4 Players Defense
   Defense                  Defense                  Time % Phy DF OF 
 1 Tommy Vannelli           Mikko Vainonen           60     0   4  1  
 2 Gianluca Curcuruto       Michael Prapavessis      40     0   4  1  

Penalty Kill - 3 Players Forward 
   Forward                                           Time % Phy DF OF 
 1 Kerby Rychel                                      60     0   5  0  
 2 Tanner Laczynski                                  40     0   5  0  

Penalty Kill - 3 Players Defense
   Defense                  Defense                  Time % Phy DF OF 
 1 Tommy Vannelli           Mikko Vainonen           60     0   5  0  
 2 Gianluca Curcuruto       Michael Prapavessis      40     0   5  0  

4 vs 4 Forward 
   Center                   Wing                     Time % Phy DF OF 
 1 Sam Carrick              Kerby Rychel             60     0   1  4  
 2 Tanner Laczynski         Jerry D'Amigo            40     0   1  4  

4 vs 4 Defense
   Defense                  Defense                  Time % Phy DF OF 
 1 Tommy Vannelli           Mikko Vainonen           60     0   2  3  
 2 Gianluca Curcuruto       Michael Prapavessis      40     0   2  3  

Last Minutes Offensive
   Center                   Left Wing                Right Wing               Defense                  Defense                  
   Tanner Laczynski         Kerby Rychel             Jerry D'Amigo            Tommy Vannelli           Mikko Vainonen           

Last Minutes Defensive
   Center                   Left Wing                Right Wing               Defense                  Defense                  
   Kevin Rooney             Kerby Rychel             Jerry D'Amigo            Tommy Vannelli           Mikko Vainonen           

Goaltenders
Starting : Artyom Zagidulin         
Backup : Garret Sparks            

Extra Forwards
Normal : Kerby Rychel, Jerry D'Amigo, Mason Appleton - PP : Kerby Rychel, Jerry D'Amigo - PK : Kerby Rychel
Extra Defensemen
Normal : Tommy Vannelli, Mikko Vainonen, Gianluca Curcuruto - PP : Emil Johansson - PK : Ryan Graves, Tommy Vannelli
Penalty Shots
Kerby Rychel, Jerry D'Amigo, Mason Appleton, Tanner Laczynski, Kevin Rooney
Custom OT Lines Forwards
Kerby Rychel, Mason Appleton, Jerry D'Amigo, Tanner Laczynski, Kevin Rooney, Cole Smith, Vincent Dunn, Nicholas Caamano, Isaac Ratcliffe, Colby Cave
Custom OT Lines Defensemen
Tommy Vannelli, Mikko Vainonen, Gianluca Curcuruto, Michael Prapavessis, Emil Johansson

Scratches
Blake Speers (Healthy), Jesper Pettersson (Healthy), David Farrance (Healthy), Mackenze Stewart (Healthy), Zack Hayes (Healthy)
Mario Ferraro (Healthy), Will Reilly (Healthy), Kristians Rubins (Healthy), Jakob Stenqvist (Healthy), Tim Gettinger (Healthy)
Arvid Henrikson (Healthy), Jeremy Michel (Healthy)

Checkers

5 vs 5 Forward 
   Center                   Left Wing                Right Wing               Time % Phy DF OF 
 1 Dylan Gambrell           Andrei Svechnikov        Patrick Brown            40     0   2  3  
 2 Nick Abruzzese           Grigori Denisenko        Austin Poganski          30     0   2  3  
 3 Mitchell Heard           Matt Puempel             Kirill Marchenko         20     0   2  3  
 4 Shane Bowers             Roberts Lipsbergs        Tyce Thompson            10     0   2  3  

5 vs 5 Defense 
   Defense                  Defense                                           Time % Phy DF OF 
 1 Timothy Liljegren        John Draeger                                      40     0   2  3  
 2 Kale Clague              Viktor Baldayev                                   30     0   2  3  
 3 Michael Anderson         Jared McIsaac                                     20     0   2  3  
 4 Timothy Liljegren        John Draeger                                      10     0   2  3  

PowerPlay Forward 
   Center                   Left Wing                Right Wing               Time % Phy DF OF 
 1 Dylan Gambrell           Andrei Svechnikov        Patrick Brown            60     0   1  4  
 2 Nick Abruzzese           Grigori Denisenko        Kirill Marchenko         40     0   1  4  

PowerPlay Defense
   Defense                  Defense                                           Time % Phy DF OF 
 1 Timothy Liljegren        John Draeger                                      60     0   2  3  
 2 Kale Clague              Michael Anderson                                  40     0   2  3  

Penalty Kill 4 Players Forward 
   Center                   Wing                     Time % Phy DF OF 
 1 Mitchell Heard           Patrick Brown            60     0   3  2  
 2 Dylan Gambrell           Austin Poganski          40     0   3  2  

Penalty Kill 4 Players Defense
   Defense                  Defense                  Time % Phy DF OF 
 1 Timothy Liljegren        John Draeger             60     0   4  1  
 2 Kale Clague              Viktor Baldayev          40     0   4  1  

Penalty Kill - 3 Players Forward 
   Forward                                           Time % Phy DF OF 
 1 Patrick Brown                                     60     0   3  2  
 2 Mitchell Heard                                    40     0   3  2  

Penalty Kill - 3 Players Defense
   Defense                  Defense                  Time % Phy DF OF 
 1 Timothy Liljegren        John Draeger             60     0   4  1  
 2 Kale Clague              Viktor Baldayev          40     0   4  1  

4 vs 4 Forward 
   Center                   Wing                     Time % Phy DF OF 
 1 Dylan Gambrell           Andrei Svechnikov        60     0   2  3  
 2 Nick Abruzzese           Patrick Brown            40     0   2  3  

4 vs 4 Defense
   Defense                  Defense                  Time % Phy DF OF 
 1 Timothy Liljegren        John Draeger             60     0   2  3  
 2 Kale Clague              Viktor Baldayev          40     0   2  3  

Last Minutes Offensive
   Center                   Left Wing                Right Wing               Defense                  Defense                  
   Dylan Gambrell           Andrei Svechnikov        Patrick Brown            Timothy Liljegren        Kale Clague              

Last Minutes Defensive
   Center                   Left Wing                Right Wing               Defense                  Defense                  
   Mitchell Heard           Matt Puempel             Patrick Brown            John Draeger             Viktor Baldayev          

Goaltenders
Starting : Joseph Woll              
Backup : Ivan Prosvetov           

Extra Forwards
Normal : Nick Abruzzese, Andrei Svechnikov, Dylan Gambrell - PP : Kirill Marchenko, Andrei Svechnikov - PK : Patrick Brown
Extra Defensemen
Normal : Kale Clague, Timothy Liljegren, John Draeger - PP : Michael Anderson - PK : Viktor Baldayev, John Draeger
Penalty Shots
Andrei Svechnikov, Patrick Brown, Matt Puempel, Nick Abruzzese, Shane Bowers
Custom OT Lines Forwards
Dylan Gambrell, Andrei Svechnikov, Patrick Brown, Grigori Denisenko, Kirill Marchenko, Nick Abruzzese, Mitchell Heard, Matt Puempel, Roberts Lipsbergs, Shane Bowers
Custom OT Lines Defensemen
Timothy Liljegren, Kale Clague, John Draeger, Viktor Baldayev, Michael Anderson

Scratches
Brett Pollock (Healthy), Jordan Harris (Healthy), Mikhail Abramov (Healthy), Mattias Norlinder (Healthy), Nathan Legare (Healthy)
Kirill Ustimenko (Healthy)

% Time on Ice - Bears

Lines # - Real PCT - Wanted PCT - Time Play
Normal Forward
1 - 33% - 40% - 17:25
2 - 29% - 30% - 14:52
3 - 30% - 20% - 15:21
4 - 8% - 10% - 4:24
Normal Defense
1 - 37% - 40% - 19:11
2 - 34% - 30% - 17:41
3 - 23% - 20% - 11:57
4 - 6% - 10% - 3:13
PP Forward
1 - 52% - 60% - 3:06
2 - 48% - 40% - 2:51
PP Defense
1 - 67% - 60% - 3:58
2 - 33% - 40% - 1:59
PK Forward
1 - 72% - 60% - 1:27
2 - 28% - 40% - 0:34
PK Defense
1 - 55% - 60% - 1:06
2 - 45% - 40% - 0:55
PK3 Forward
1 - 0% - 60%
2 - 0% - 40%
PK3 Defense
1 - 0% - 60%
2 - 0% - 40%
44 Forward
1 - 0% - 60%
2 - 0% - 40%
44 Defense
1 - 0% - 60%
2 - 0% - 40%
Last Minute Offensive  - 0:00
Last Minute Defensive  - 0:00
Total
Forward - 60:00
Defense - 60:00

% Time on Ice - Checkers

Lines # - Real PCT - Wanted PCT - Time Play
Normal Forward
1 - 32% - 40% - 16:50
2 - 32% - 30% - 16:28
3 - 21% - 20% - 11:04
4 - 15% - 10% - 7:40
Normal Defense
1 - 38% - 40% - 20:00
2 - 33% - 30% - 17:20
3 - 25% - 20% - 12:49
4 - 4% - 10% - 1:53
PP Forward
1 - 49% - 60% - 0:59
2 - 51% - 40% - 1:02
PP Defense
1 - 64% - 60% - 1:17
2 - 36% - 40% - 0:44
PK Forward
1 - 87% - 60% - 5:10
2 - 13% - 40% - 0:47
PK Defense
1 - 65% - 60% - 3:53
2 - 35% - 40% - 2:04
PK3 Forward
1 - 0% - 60%
2 - 0% - 40%
PK3 Defense
1 - 0% - 60%
2 - 0% - 40%
44 Forward
1 - 0% - 60%
2 - 0% - 40%
44 Defense
1 - 0% - 60%
2 - 0% - 40%
Last Minute Offensive  - 0:00
Last Minute Defensive  - 0:00
Total
Forward - 60:00
Defense - 60:00

Play-by-Play

1st period


0:01 of 1st period - Sam Carrick wins face-off versus Dylan Gambrell in neutral zone.
0:16 of 1st period - Wrist shot by Kerby Rychel.
0:16 of 1st period - Deflect By Jerry D'Amigo.
0:16 of 1st period - Stopped by Joseph Woll with a rebound.
0:32 of 1st period - Snap shot by Tanner Laczynski.
0:32 of 1st period - Goal by Tanner Laczynski - Bears : 1 - Checkers : 0.
0:33 of 1st period - Kevin Rooney wins face-off versus Mitchell Heard in neutral zone.
0:36 of 1st period - Viktor Baldayev is hit by Isaac Ratcliffe and loses puck.
1:00 of 1st period - Kale Clague is hit by Gianluca Curcuruto.
1:06 of 1st period - Gianluca Curcuruto is hit by Roberts Lipsbergs and loses puck.
1:27 of 1st period - Wrist shot by Kerby Rychel.
1:27 of 1st period - Shot Misses the Net.
2:19 of 1st period - Snap shot by Tanner Laczynski.
2:19 of 1st period - Stopped by Joseph Woll without a rebound.
2:20 of 1st period - Tanner Laczynski wins face-off versus Shane Bowers in Checkers zone.
2:31 of 1st period - Wrist shot by Mason Appleton.
2:31 of 1st period - Deflect By Cole Smith.
2:31 of 1st period - Stopped by Joseph Woll with a rebound.
3:09 of 1st period - Snap shot by Nicholas Caamano.
3:09 of 1st period - Stopped by Joseph Woll without a rebound.
3:10 of 1st period - Kevin Rooney wins face-off versus Nick Abruzzese in Checkers zone.
3:57 of 1st period - Slapshot by Grigori Denisenko.
3:57 of 1st period - Deflect By Gianluca Curcuruto.
3:57 of 1st period - Shot Misses the Net.
3:57 of 1st period - Puck is out of play.
3:58 of 1st period - Andrei Svechnikov wins face-off versus Sam Carrick in Bears zone.
4:19 of 1st period - Minor Penalty to Kerby Rychel for Interference.
4:20 of 1st period - Dylan Gambrell wins face-off versus Tanner Laczynski in Bears zone.
4:29 of 1st period - Snap shot by Andrei Svechnikov.
4:29 of 1st period - Shot Misses the Net.
4:31 of 1st period - Slapshot by John Draeger.
4:31 of 1st period - Shot Misses the Net.
4:33 of 1st period - Slapshot by Andrei Svechnikov.
4:33 of 1st period - Shot Misses the Net.
4:35 of 1st period - Slapshot by Timothy Liljegren.
4:35 of 1st period - Shot Misses the Net.
4:45 of 1st period - Timothy Liljegren is hit by Tanner Laczynski and loses puck.
6:19 of 1st period - Penalty to Kerby Rychel is over, Kerby Rychel is back on ice.
6:31 of 1st period - Snap shot by Jerry D'Amigo.
6:31 of 1st period - Deflect By Kerby Rychel.
6:31 of 1st period - Shot Misses the Net.
6:31 of 1st period - Puck is out of play.
6:32 of 1st period - Vincent Dunn wins face-off versus Tyce Thompson in Checkers zone.
6:35 of 1st period - Snap shot by Kerby Rychel.
6:35 of 1st period - Shot Blocked by Jared McIsaac.
7:01 of 1st period - Snap shot by Tanner Laczynski.
7:01 of 1st period - Shot Misses the Net.
7:13 of 1st period - Snap shot by Matt Puempel.
7:13 of 1st period - Deflect By Mitchell Heard.
7:13 of 1st period - Stopped by Artyom Zagidulin with a rebound.
7:15 of 1st period - Slapshot by Kirill Marchenko.
7:15 of 1st period - Shot Misses the Net.
7:28 of 1st period - Slapshot by Ryan Graves.
7:28 of 1st period - Stopped by Joseph Woll with a rebound.
7:30 of 1st period - Snap shot by Sam Carrick.
7:30 of 1st period - Shot Misses the Net.
7:48 of 1st period - Snap shot by Mason Appleton.
7:48 of 1st period - Shot Blocked by Viktor Baldayev.
7:55 of 1st period - Icing by Kale Clague.
7:56 of 1st period - Dylan Gambrell wins face-off versus Kevin Rooney in Checkers zone.
8:05 of 1st period - Slapshot by Tommy Vannelli.
8:05 of 1st period - Deflect By Mitchell Heard.
8:05 of 1st period - Stopped by Joseph Woll with a rebound.
8:07 of 1st period - Wrist shot by Tommy Vannelli.
8:07 of 1st period - Stopped by Joseph Woll with a rebound.
8:09 of 1st period - Slapshot by Tommy Vannelli.
8:09 of 1st period - Deflect By Isaac Ratcliffe.
8:09 of 1st period - Goal by Isaac Ratcliffe - Bears : 2 - Checkers : 0.
8:10 of 1st period - Dylan Gambrell wins face-off versus Sam Carrick in neutral zone.
8:19 of 1st period - Wrist shot by Andrei Svechnikov.
8:19 of 1st period - Shot Misses the Net.
8:56 of 1st period - Wrist shot by Tanner Laczynski.
8:56 of 1st period - Shot Misses the Net.
8:58 of 1st period - Snap shot by Isaac Ratcliffe.
8:58 of 1st period - Goal by Isaac Ratcliffe - Bears : 3 - Checkers : 0.
8:59 of 1st period - Sam Carrick wins face-off versus Dylan Gambrell in neutral zone.
9:29 of 1st period - Snap shot by Nick Abruzzese.
9:29 of 1st period - Stopped by Artyom Zagidulin with a rebound.
9:31 of 1st period - Slapshot by Grigori Denisenko.
9:31 of 1st period - Shot Misses the Net.
9:33 of 1st period - Wrist shot by John Draeger.
9:33 of 1st period - Deflect By Tommy Vannelli.
9:33 of 1st period - Stopped by Artyom Zagidulin without a rebound.
9:34 of 1st period - Sam Carrick wins face-off versus Dylan Gambrell in Bears zone.
9:49 of 1st period - Slapshot by Kerby Rychel.
9:49 of 1st period - Shot Misses the Net.
9:59 of 1st period - Tanner Laczynski is hit by Mitchell Heard and loses puck.
10:22 of 1st period - Wrist shot by Nick Abruzzese.
10:22 of 1st period - Shot Misses the Net.
10:24 of 1st period - Snap shot by Nick Abruzzese.
10:24 of 1st period - Deflect By Grigori Denisenko.
10:24 of 1st period - Deflect By Gianluca Curcuruto.
10:24 of 1st period - Shot Misses the Net.
10:24 of 1st period - Puck is out of play.
10:25 of 1st period - Sam Carrick wins face-off versus Dylan Gambrell in Bears zone.
10:36 of 1st period - Sam Carrick is hit by Andrei Svechnikov and loses puck.
10:51 of 1st period - Mikko Vainonen is hit by John Draeger and loses puck.
10:56 of 1st period - Wrist shot by Nick Abruzzese.
10:56 of 1st period - Shot Misses the Net.
11:10 of 1st period - Slapshot by Mikko Vainonen.
11:10 of 1st period - Stopped by Joseph Woll without a rebound.
11:11 of 1st period - Kevin Rooney wins face-off versus Mitchell Heard in Checkers zone.
12:01 of 1st period - Slapshot by Nick Abruzzese.
12:01 of 1st period - Deflect By Grigori Denisenko.
12:01 of 1st period - Shot Misses the Net.
12:01 of 1st period - Puck is out of play.
12:02 of 1st period - Austin Poganski wins face-off versus Tanner Laczynski in Bears zone.
12:03 of 1st period - Snap shot by Nick Abruzzese.
12:03 of 1st period - Stopped by Artyom Zagidulin without a rebound.
12:04 of 1st period - Sam Carrick wins face-off versus Nick Abruzzese in Bears zone.
12:20 of 1st period - Backhand shot by Grigori Denisenko.
12:20 of 1st period - Stopped by Artyom Zagidulin with a rebound.
12:22 of 1st period - Slapshot by John Draeger.
12:22 of 1st period - Stopped by Artyom Zagidulin without a rebound.
12:23 of 1st period - Dylan Gambrell wins face-off versus Tanner Laczynski in Bears zone.
12:30 of 1st period - Snap shot by Andrei Svechnikov.
12:30 of 1st period - Goal by Andrei Svechnikov - Bears : 3 - Checkers : 1.
12:31 of 1st period - Dylan Gambrell wins face-off versus Sam Carrick in neutral zone.
12:53 of 1st period - Icing by Mikko Vainonen.
12:54 of 1st period - Sam Carrick wins face-off versus Austin Poganski in Bears zone.
13:39 of 1st period - Kirill Marchenko is hit by Emil Johansson and loses puck.
13:50 of 1st period - Icing by Mitchell Heard.
13:51 of 1st period - Mitchell Heard wins face-off versus Tanner Laczynski in Checkers zone.
14:54 of 1st period - Roberts Lipsbergs is hit by Jerry D'Amigo and loses puck.
15:17 of 1st period - Snap shot by Timothy Liljegren.
15:17 of 1st period - Stopped by Artyom Zagidulin with a rebound.
15:48 of 1st period - Icing by John Draeger.
15:49 of 1st period - Shane Bowers wins face-off versus Tanner Laczynski in Checkers zone.
16:09 of 1st period - Off-side.
16:10 of 1st period - Kevin Rooney wins face-off versus Patrick Brown in neutral zone.
17:05 of 1st period - Slapshot by Mitchell Heard.
17:05 of 1st period - Shot Blocked by Nicholas Caamano.
17:07 of 1st period - Slapshot by Michael Anderson.
17:07 of 1st period - Deflect By Ryan Graves.
17:07 of 1st period - Stopped by Artyom Zagidulin with a rebound.
17:30 of 1st period - Icing by Austin Poganski.
17:31 of 1st period - Nick Abruzzese wins face-off versus Tanner Laczynski in Checkers zone.
17:50 of 1st period - Andrei Svechnikov is hit by Kevin Rooney.
18:14 of 1st period - Snap shot by Nicholas Caamano.
18:14 of 1st period - Stopped by Joseph Woll with a rebound.
18:50 of 1st period - Kevin Rooney is hit by John Draeger and loses puck.
19:07 of 1st period - Wrist shot by Kerby Rychel.
19:07 of 1st period - Stopped by Joseph Woll with a rebound.
19:09 of 1st period - Wrist shot by Kerby Rychel.
19:09 of 1st period - Shot Blocked by Patrick Brown.
19:46 of 1st period - Michael Prapavessis is hit by Mitchell Heard and loses puck.
Goals for this period are 3 for Bears vs 1 for Checkers.
Shots for this period are 13 for Bears vs 9 for Checkers.

2nd period


0:01 of 2nd period - Dylan Gambrell wins face-off versus Sam Carrick in neutral zone.
0:16 of 2nd period - Wrist shot by Sam Carrick.
0:16 of 2nd period - Shot Misses the Net.
0:26 of 2nd period - Tommy Vannelli is hit by John Draeger and loses puck.
1:27 of 2nd period - Kale Clague is hit by Emil Johansson and loses puck.
1:39 of 2nd period - Off-side.
1:40 of 2nd period - Dylan Gambrell wins face-off versus Kerby Rychel in neutral zone.
1:43 of 2nd period - Slapshot by Timothy Liljegren.
1:43 of 2nd period - Shot Misses the Net.
1:45 of 2nd period - Slapshot by Timothy Liljegren.
1:45 of 2nd period - Deflect By Mikko Vainonen.
1:45 of 2nd period - Stopped by Artyom Zagidulin without a rebound.
1:46 of 2nd period - Vincent Dunn wins face-off versus Dylan Gambrell in Bears zone.
2:35 of 2nd period - Snap shot by Cole Smith.
2:35 of 2nd period - Stopped by Joseph Woll with a rebound.
3:16 of 2nd period - Matt Puempel is hit by Sam Carrick and loses puck.
3:41 of 2nd period - Wrist shot by Grigori Denisenko.
3:41 of 2nd period - Shot Blocked by Nicholas Caamano.
3:47 of 2nd period - Michael Prapavessis is hit by Nick Abruzzese and loses puck.
5:12 of 2nd period - Slapshot by John Draeger.
5:12 of 2nd period - Shot Blocked by Isaac Ratcliffe.
5:14 of 2nd period - Wrist shot by John Draeger.
5:14 of 2nd period - Stopped by Artyom Zagidulin without a rebound.
5:15 of 2nd period - Shane Bowers wins face-off versus Kevin Rooney in Bears zone.
5:16 of 2nd period - Slapshot by Roberts Lipsbergs.
5:16 of 2nd period - Stopped by Artyom Zagidulin with a rebound.
5:38 of 2nd period - Kale Clague is hit by Tanner Laczynski.
6:18 of 2nd period - Wrist shot by Kevin Rooney.
6:18 of 2nd period - Deflect By Nicholas Caamano.
6:18 of 2nd period - Shot Blocked by Michael Anderson.
6:18 of 2nd period - Puck is out of play.
6:19 of 2nd period - Isaac Ratcliffe wins face-off versus Dylan Gambrell in Checkers zone.
6:34 of 2nd period - Slapshot by Dylan Gambrell.
6:34 of 2nd period - Stopped by Artyom Zagidulin without a rebound.
6:35 of 2nd period - Nick Abruzzese wins face-off versus Sam Carrick in Bears zone.
7:27 of 2nd period - Timothy Liljegren is hit by Gianluca Curcuruto and loses puck.
7:44 of 2nd period - Slapshot by Kale Clague.
7:44 of 2nd period - Stopped by Artyom Zagidulin with a rebound.
7:46 of 2nd period - Minor Penalty to Kirill Maksimov for Roughing.
7:47 of 2nd period - Dylan Gambrell wins face-off versus Kerby Rychel in Bears zone.
7:48 of 2nd period - Wrist shot by Andrei Svechnikov.
7:48 of 2nd period - Goal by Andrei Svechnikov - Bears : 3 - Checkers : 2.
7:49 of 2nd period - Sam Carrick wins face-off versus Dylan Gambrell in neutral zone.
8:00 of 2nd period - Slapshot by Timothy Liljegren.
8:00 of 2nd period - Shot Misses the Net.
8:02 of 2nd period - Snap shot by Timothy Liljegren.
8:02 of 2nd period - Deflect By Mikko Vainonen.
8:02 of 2nd period - Goal by Timothy Liljegren - Bears : 3 - Checkers : 3.
8:03 of 2nd period - Dylan Gambrell wins face-off versus Sam Carrick in neutral zone.
8:10 of 2nd period - Wrist shot by Andrei Svechnikov.
8:10 of 2nd period - Stopped by Artyom Zagidulin without a rebound.
8:11 of 2nd period - Sam Carrick wins face-off versus Dylan Gambrell in Bears zone.
8:49 of 2nd period - Snap shot by Kerby Rychel.
8:49 of 2nd period - Stopped by Joseph Woll without a rebound.
8:50 of 2nd period - Nick Abruzzese wins face-off versus Tanner Laczynski in Checkers zone.
9:21 of 2nd period - Snap shot by Nicholas Caamano.
9:21 of 2nd period - Stopped by Joseph Woll without a rebound.
9:22 of 2nd period - Sam Carrick wins face-off versus Mitchell Heard in Checkers zone.
9:32 of 2nd period - Off-side.
9:33 of 2nd period - Jerry D'Amigo wins face-off versus Dylan Gambrell in neutral zone.
9:42 of 2nd period - Jerry D'Amigo is hit by Dylan Gambrell and loses puck.
9:59 of 2nd period - Nick Abruzzese is hit by Cole Smith.
10:47 of 2nd period - Wrist shot by Shane Bowers.
10:47 of 2nd period - Stopped by Artyom Zagidulin without a rebound.
10:48 of 2nd period - Dylan Gambrell wins face-off versus Vincent Dunn in Bears zone.
10:49 of 2nd period - Slapshot by Timothy Liljegren.
10:49 of 2nd period - Shot Misses the Net.
10:59 of 2nd period - Wrist shot by Vincent Dunn.
10:59 of 2nd period - Stopped by Joseph Woll without a rebound.
11:00 of 2nd period - Sam Carrick wins face-off versus Dylan Gambrell in Checkers zone.
11:03 of 2nd period - Wrist shot by Kerby Rychel.
11:03 of 2nd period - Shot Misses the Net.
11:11 of 2nd period - Snap shot by Kerby Rychel.
11:11 of 2nd period - Deflect By Sam Carrick.
11:11 of 2nd period - Shot Blocked by Dylan Gambrell.
11:11 of 2nd period - Puck is out of play.
11:12 of 2nd period - Dylan Gambrell wins face-off versus Sam Carrick in Checkers zone.
11:26 of 2nd period - Snap shot by Kerby Rychel.
11:26 of 2nd period - Deflect By Sam Carrick.
11:26 of 2nd period - Goal by Sam Carrick - Bears : 4 - Checkers : 3.
11:27 of 2nd period - Dylan Gambrell wins face-off versus Sam Carrick in neutral zone.
12:01 of 2nd period - Backhand shot by Gianluca Curcuruto.
12:01 of 2nd period - Deflect By Tanner Laczynski.
12:01 of 2nd period - Stopped by Joseph Woll without a rebound.
12:02 of 2nd period - Nick Abruzzese wins face-off versus Tanner Laczynski in Checkers zone.
12:54 of 2nd period - Kirill Marchenko is hit by Mikko Vainonen and loses puck.
13:21 of 2nd period - Timothy Liljegren is hit by Cole Smith and loses puck.
13:48 of 2nd period - Michael Prapavessis is hit by Andrei Svechnikov and loses puck.
14:01 of 2nd period - Snap shot by Kerby Rychel.
14:01 of 2nd period - Stopped by Joseph Woll without a rebound.
14:02 of 2nd period - Sam Carrick wins face-off versus Nick Abruzzese in Checkers zone.
14:11 of 2nd period - Wrist shot by Kerby Rychel.
14:11 of 2nd period - Shot Misses the Net.
14:13 of 2nd period - Backhand shot by Tommy Vannelli.
14:13 of 2nd period - Shot Misses the Net.
15:07 of 2nd period - Sam Carrick is hit by Viktor Baldayev.
15:17 of 2nd period - Minor Penalty to Kirill Marchenko for Tripping.
15:18 of 2nd period - Sam Carrick wins face-off versus Mitchell Heard in Checkers zone.
15:25 of 2nd period - Slapshot by Jerry D'Amigo.
15:25 of 2nd period - Shot Blocked by Mitchell Heard.
15:27 of 2nd period - Slapshot by Tommy Vannelli.
15:27 of 2nd period - Stopped by Joseph Woll with a rebound.
16:36 of 2nd period - Sam Carrick is hit by Patrick Brown and loses puck.
16:51 of 2nd period - Cole Smith is hit by Timothy Liljegren and loses puck.
17:04 of 2nd period - Viktor Baldayev is hit by Kerby Rychel and loses puck.
17:17 of 2nd period - Penalty to Kirill Marchenko is over, Kirill Marchenko is back on ice.
17:35 of 2nd period - Wrist shot by Kale Clague.
17:35 of 2nd period - Stopped by Artyom Zagidulin without a rebound.
17:36 of 2nd period - Nick Abruzzese wins face-off versus Kevin Rooney in Bears zone.
17:40 of 2nd period - Icing by Michael Prapavessis.
17:41 of 2nd period - Nick Abruzzese wins face-off versus Kevin Rooney in Bears zone.
17:42 of 2nd period - Slapshot by Michael Anderson.
17:42 of 2nd period - Stopped by Artyom Zagidulin without a rebound.
17:43 of 2nd period - Kevin Rooney wins face-off versus Nick Abruzzese in Bears zone.
17:45 of 2nd period - Icing by Isaac Ratcliffe.
17:46 of 2nd period - Kevin Rooney wins face-off versus Nick Abruzzese in Bears zone.
18:41 of 2nd period - Snap shot by Austin Poganski.
18:41 of 2nd period - Shot Blocked by Michael Prapavessis.
19:13 of 2nd period - Kevin Rooney is hit by Grigori Denisenko and loses puck.
19:33 of 2nd period - Icing by Michael Prapavessis.
19:34 of 2nd period - Kevin Rooney wins face-off versus Dylan Gambrell in Bears zone.
Goals for this period are 1 for Bears vs 2 for Checkers.
Shots for this period are 8 for Bears vs 11 for Checkers.

3rd period


0:01 of 3rd period - Sam Carrick wins face-off versus Dylan Gambrell in neutral zone.
0:16 of 3rd period - Snap shot by Kerby Rychel.
0:16 of 3rd period - Shot Misses the Net.
0:31 of 3rd period - Slapshot by Timothy Liljegren.
0:31 of 3rd period - Shot Misses the Net.
0:33 of 3rd period - Wrist shot by Grigori Denisenko.
0:33 of 3rd period - Shot Blocked by Ryan Graves.
1:22 of 3rd period - Wrist shot by Jerry D'Amigo.
1:22 of 3rd period - Shot Misses the Net.
1:32 of 3rd period - Slapshot by Dylan Gambrell.
1:32 of 3rd period - Stopped by Artyom Zagidulin with a rebound.
2:03 of 3rd period - Snap shot by Kirill Marchenko.
2:03 of 3rd period - Stopped by Artyom Zagidulin with a rebound.
2:31 of 3rd period - Wrist shot by Andrei Svechnikov.
2:31 of 3rd period - Stopped by Artyom Zagidulin with a rebound.
2:35 of 3rd period - Wrist shot by Dylan Gambrell.
2:35 of 3rd period - Shot Blocked by Jerry D'Amigo.
2:37 of 3rd period - Slapshot by Dylan Gambrell.
2:37 of 3rd period - Goal by Dylan Gambrell - Bears : 4 - Checkers : 4.
2:38 of 3rd period - Mason Appleton wins face-off versus Dylan Gambrell in neutral zone.
3:07 of 3rd period - Off-side.
3:08 of 3rd period - Sam Carrick wins face-off versus Dylan Gambrell in neutral zone.
3:17 of 3rd period - Wrist shot by Jerry D'Amigo.
3:17 of 3rd period - Shot Misses the Net.
3:19 of 3rd period - Slapshot by Jerry D'Amigo.
3:19 of 3rd period - Stopped by Joseph Woll without a rebound.
3:20 of 3rd period - Sam Carrick wins face-off versus Dylan Gambrell in Checkers zone.
3:24 of 3rd period - Minor Penalty to Andrei Svechnikov for High sticking.
3:25 of 3rd period - Sam Carrick wins face-off versus Patrick Brown in Checkers zone.
4:11 of 3rd period - Snap shot by Austin Poganski.
4:11 of 3rd period - Deflect By Dylan Gambrell.
4:11 of 3rd period - Shot Misses the Net.
4:11 of 3rd period - Puck is out of play.
4:12 of 3rd period - Tanner Laczynski wins face-off versus Mitchell Heard in Bears zone.
4:19 of 3rd period - Snap shot by Michael Prapavessis.
4:19 of 3rd period - Shot Misses the Net.
4:21 of 3rd period - Slapshot by Michael Prapavessis.
4:21 of 3rd period - Stopped by Joseph Woll without a rebound.
4:22 of 3rd period - Patrick Brown wins face-off versus Sam Carrick in Checkers zone.
4:33 of 3rd period - Slapshot by Gianluca Curcuruto.
4:33 of 3rd period - Deflect By Kerby Rychel.
4:33 of 3rd period - Shot Misses the Net.
4:33 of 3rd period - Puck is out of play.
4:34 of 3rd period - Sam Carrick wins face-off versus Mitchell Heard in Checkers zone.
5:00 of 3rd period - Icing by Tommy Vannelli.
5:01 of 3rd period - Mitchell Heard wins face-off versus Tanner Laczynski in Bears zone.
5:24 of 3rd period - Penalty to Andrei Svechnikov is over, Andrei Svechnikov is back on ice.
6:10 of 3rd period - Kevin Rooney is hit by Viktor Baldayev and loses puck.
6:29 of 3rd period - Wrist shot by Mitchell Heard.
6:29 of 3rd period - Stopped by Artyom Zagidulin with a rebound.
6:31 of 3rd period - Slapshot by Kale Clague.
6:31 of 3rd period - Shot Misses the Net.
6:33 of 3rd period - Wrist shot by Kale Clague.
6:33 of 3rd period - Shot Misses the Net.
6:35 of 3rd period - Snap shot by Kale Clague.
6:35 of 3rd period - Shot Blocked by Emil Johansson.
7:39 of 3rd period - Icing by Mikko Vainonen.
7:40 of 3rd period - Tanner Laczynski wins face-off versus Shane Bowers in Bears zone.
7:40 of 3rd period - Tanner Laczynski is hit by Shane Bowers.
7:46 of 3rd period - John Draeger is hit by Sam Carrick and loses puck.
7:53 of 3rd period - Wrist shot by Kerby Rychel.
7:53 of 3rd period - Shot Misses the Net.
7:55 of 3rd period - Slapshot by Sam Carrick.
7:55 of 3rd period - Stopped by Joseph Woll with a rebound.
9:02 of 3rd period - Snap shot by Shane Bowers.
9:02 of 3rd period - Shot Blocked by Michael Prapavessis.
9:21 of 3rd period - Off-side.
9:22 of 3rd period - Mitchell Heard wins face-off versus Tanner Laczynski in neutral zone.
9:47 of 3rd period - Jerry D'Amigo is hit by Andrei Svechnikov and loses puck.
10:10 of 3rd period - Slapshot by Emil Johansson.
10:10 of 3rd period - Deflect By Kevin Rooney.
10:10 of 3rd period - Shot Misses the Net.
10:10 of 3rd period - Puck is out of play.
10:11 of 3rd period - Kevin Rooney wins face-off versus Nick Abruzzese in Checkers zone.
10:16 of 3rd period - Slapshot by Nicholas Caamano.
10:16 of 3rd period - Stopped by Joseph Woll without a rebound.
10:17 of 3rd period - Sam Carrick wins face-off versus Dylan Gambrell in Checkers zone.
10:20 of 3rd period - Snap shot by Jerry D'Amigo.
10:20 of 3rd period - Stopped by Joseph Woll without a rebound.
10:21 of 3rd period - Sam Carrick wins face-off versus Dylan Gambrell in Checkers zone.
10:30 of 3rd period - Wrist shot by Kerby Rychel.
10:30 of 3rd period - Stopped by Joseph Woll with a rebound.
10:32 of 3rd period - Slapshot by Jerry D'Amigo.
10:32 of 3rd period - Shot Blocked by Dylan Gambrell.
10:34 of 3rd period - Snap shot by Jerry D'Amigo.
10:34 of 3rd period - Shot Misses the Net.
10:36 of 3rd period - Slapshot by Mikko Vainonen.
10:36 of 3rd period - Shot Misses the Net.
10:42 of 3rd period - Minor Penalty to Patrick Brown for Interference.
10:43 of 3rd period - Mitchell Heard wins face-off versus Sam Carrick in Checkers zone.
10:58 of 3rd period - Mitchell Heard is hit by Jerry D'Amigo and loses puck.
11:44 of 3rd period - Kale Clague is hit by Mason Appleton and loses puck.
12:42 of 3rd period - Penalty to Patrick Brown is over, Patrick Brown is back on ice.
13:08 of 3rd period - Nicholas Caamano is hit by Roberts Lipsbergs.
13:12 of 3rd period - Mikko Vainonen is hit by Tyce Thompson and loses puck.
13:21 of 3rd period - Wrist shot by Nicholas Caamano.
13:21 of 3rd period - Stopped by Joseph Woll with a rebound.
13:27 of 3rd period - Snap shot by Kevin Rooney.
13:27 of 3rd period - Goal by Kevin Rooney - Bears : 5 - Checkers : 4.
13:28 of 3rd period - Sam Carrick wins face-off versus Austin Poganski in neutral zone.
13:32 of 3rd period - Off-side.
13:33 of 3rd period - Nick Abruzzese wins face-off versus Sam Carrick in neutral zone.
13:36 of 3rd period - Slapshot by Timothy Liljegren.
13:36 of 3rd period - Deflect By Austin Poganski.
13:36 of 3rd period - Shot Misses the Net.
13:36 of 3rd period - Puck is out of play.
13:37 of 3rd period - Sam Carrick wins face-off versus Nick Abruzzese in Bears zone.
13:37 of 3rd period - Sam Carrick is hit by Grigori Denisenko.
13:51 of 3rd period - Snap shot by Kerby Rychel.
13:51 of 3rd period - Stopped by Joseph Woll with a rebound.
13:57 of 3rd period - Snap shot by Sam Carrick.
13:57 of 3rd period - Shot Blocked by Austin Poganski.
14:05 of 3rd period - Wrist shot by Kerby Rychel.
14:05 of 3rd period - Shot Hit the Post.
14:23 of 3rd period - Snap shot by Sam Carrick.
14:23 of 3rd period - Goal by Sam Carrick - Bears : 6 - Checkers : 4.
14:24 of 3rd period - Dylan Gambrell wins face-off versus Tanner Laczynski in neutral zone.
14:50 of 3rd period - Kevin Rooney is hit by Viktor Baldayev and loses puck.
15:13 of 3rd period - Snap shot by Sam Carrick.
15:13 of 3rd period - Stopped by Joseph Woll without a rebound.
15:14 of 3rd period - Dylan Gambrell wins face-off versus Sam Carrick in Checkers zone.
15:21 of 3rd period - Jerry D'Amigo is hit by Andrei Svechnikov and loses puck.
15:51 of 3rd period - Snap shot by Nick Abruzzese.
15:51 of 3rd period - Shot Misses the Net.
16:05 of 3rd period - Mitchell Heard is hit by Mason Appleton and loses puck.
16:12 of 3rd period - Snap shot by Mason Appleton.
16:12 of 3rd period - Stopped by Joseph Woll with a rebound.
19:05 of 3rd period - Viktor Baldayev is hit by Mikko Vainonen and loses puck.
19:13 of 3rd period - Icing by Kale Clague.
19:14 of 3rd period - Isaac Ratcliffe wins face-off versus Mitchell Heard in Checkers zone.
19:27 of 3rd period - Slapshot by Kale Clague.
19:27 of 3rd period - Stopped by Artyom Zagidulin with a rebound.
Goals for this period are 2 for Bears vs 1 for Checkers.
Shots for this period are 12 for Bears vs 6 for Checkers.